 Dungeon Sprint DCSS version 0.30-a0-1016-gfb0d676c02 (webtiles) character file.

Game seed: 15194346237010888766

365 GloriousHammer the Grappler (level 6, -7/67 HPs)
             Began as a Troll Fighter on Apr 6, 2023.
             Was an Initiate of Jiyva.
             Mangled by a two-headed ogre
             ... wielding a +0 giant club
              (28 damage)
             ... in the Dungeon (Sprint IX: "|||||||||||||||||||||||||||||").
             The game lasted 00:02:08 (277 turns).

GloriousHammer the Grappler (Troll Fighter)          Turns: 277, Time: 00:02:09

Health: -7/67      AC:  4    Str: 30    XL:     6   Next: 40%
Magic:  5/5        EV: 10    Int:  4    God:    Jiyva [......]
Gold:   0          SH:  9    Dex: 12    Spells: 5/5 levels left

rFire   . . .      SeeInvis .      - Unarmed
rCold   . . .      Faith    .    b - +0 kite shield
rNeg    . . .      Spirit   .    a - +0 robe
rPois   .          Reflect  .    (helmet restricted)
rElec   .          Rampage  .    (no cloak)
rCorr   .          NoTele   +    (gloves unavailable)
Will    .....                    (boots unavailable)
Stlth   +                        (no amulet)
HPRegen 1.11/turn                D - +3 ring of dexterity
MPRegen 0.09/turn                S - +3 ring of strength

@: no status effects
A: large, unfitting armour, claws 3, regeneration 1, shaggy fur 1, tough skin 1
a: Renounce Religion


You were in the Dungeon.
You worshipped Jiyva.
Jiyva was noncommittal.
You visited 1 branch

Inventory:

Armour
 a - a +0 robe (worn)
 b - a +0 kite shield (worn)
Jewellery
 D - a +3 ring of dexterity (left claw)
 S - a +3 ring of strength (right claw)
Wands
 l - a wand of roots (10)
Scrolls
 i - 2 scrolls of blinking
 k - 2 scrolls of amnesia
Potions
 c - a potion of might
 d - 5 potions of curing
 e - 3 potions of heal wounds
 f - a potion of haste
 g - 4 potions of magic
 h - a potion of berserk rage
 j - a potion of invisibility


   Skills:
 + Level 5.6 Fighting
 + Level 5.7 Dodging
 + Level 6.2 Shields
 * Level 9.0 Unarmed Combat


You had 5 spell levels left.
You didn't know any spells.
Your spell library was empty.

Dungeon Overview and Level Annotations

Branches:
Dungeon (1/1)

Altars:
Cheibriados
Dithmenos
Elyvilon
Fedhas
Gozag
Hepliaklqana
Kikubaaqudgha
Makhleb
Nemelex Xobeh
Okawaru
Qazlal
Ru
Sif Muna
Trog
Uskayaw
Vehumet
Wu Jian
Xom
Yredelemnul
Zin
The Shining One
Jiyva
Lugonu


Innate Abilities, Weirdness & Mutations

You are too large for most types of armour.
You have claws for hands.
Your natural rate of healing is unusually fast.
You are covered in fur. (AC +1)
You have tough skin. (AC +1)


Message History

Found a shimmering blue altar of Sif Muna.
There is an ancient bone altar of Kikubaaqudgha here.
Found a bloodstained altar of Trog.
There is a corrupted altar of Lugonu here.
Found a hide-covered altar of Uskayaw.
There is a burning altar of Makhleb here.
Found a radiant altar of Vehumet.
There is a sparkling altar of Nemelex Xobeh here.
Found an ornate altar of the Wu Jian Council.
There is an iron altar of Okawaru here.
Found a shimmering altar of Xom.
There is a stormy altar of Qazlal here.
Found a basalt altar of Yredelemnul.
There is a sacrificial altar of Ru here.
Found a glowing silver altar of Zin.
There is a shimmering blue altar of Sif Muna here.
Found a glowing golden altar of the Shining One.
There is a bloodstained altar of Trog here.
There is a hide-covered altar of Uskayaw here.
There is a radiant altar of Vehumet here.
There is a hide-covered altar of Uskayaw here.
There is a bloodstained altar of Trog here.
There is a shimmering blue altar of Sif Muna here.
There is a sacrificial altar of Ru here.
There is a stormy altar of Qazlal here.
There is an iron altar of Okawaru here.
There is a sparkling altar of Nemelex Xobeh here.
There is a burning altar of Makhleb here.
There is a corrupted altar of Lugonu here.
There is an ancient bone altar of Kikubaaqudgha here.
There is a viscous altar of Jiyva here.
You kneel at the altar of Jiyva.
Jiyva welcomes you!
There is an ancient bone altar of Kikubaaqudgha here.
There is a corrupted altar of Lugonu here.
There is a burning altar of Makhleb here.
There is a sparkling altar of Nemelex Xobeh here.
There is an iron altar of Okawaru here.
There is a stormy altar of Qazlal here.
There is a sacrificial altar of Ru here.
There is a shimmering blue altar of Sif Muna here.
There is a bloodstained altar of Trog here.
There is a hide-covered altar of Uskayaw here.
There is a radiant altar of Vehumet here.
There is an ornate altar of the Wu Jian Council here.
There is a shimmering altar of Xom here.
There is a basalt altar of Yredelemnul here.
There is a glowing silver altar of Zin here.
There is a glowing golden altar of the Shining One here.
You open the door.
Found five items.
Found a +1 scale mail.
There is an open door here.
Found a +3 ring of dexterity.
g - 4 potions of magic (gained 2);
j - a potion of invisibility
e - 3 potions of heal wounds (gained 2);
d - 5 potions of curing (gained 4)
Found a +3 ring of strength.
k - 2 scrolls of amnesia;
i - 2 scrolls of blinking (gained 1)
l - a wand of roots (10)
Items here: )))))).
Okay, then.
You see here a +0 helmet.
You see here a +0 pair of boots.
You see here a +1 scale mail.
D - a +3 ring of dexterity You feel agile.
D - a +3 ring of dexterity (left claw)
S - a +3 ring of strength You feel stronger.
S - a +3 ring of strength (right claw)
You open the door.
A komodo dragon, a centaur, 2 two-headed ogres and 2 yaks come into view.
The two-headed ogre shouts in stereo!
The centaur shouts!
The yak bellows!
You barely miss the yak.
The yak bellows!
The yak gores you!
You claw the yak!
The yak is moderately wounded.
The yak gores you!
You claw the yak!
The yak is heavily wounded.
The yak barely misses you.
You scratch the yak.
The yak is severely wounded.
The yak closely misses you.
You claw the yak!
You kill the yak!
Your Shields skill increases to level 6!
Your Unarmed Combat skill gained 2 levels and is now at level 9!
You have reached level 6!
You feel stronger.
You scratch the two-headed ogre.
The two-headed ogre is lightly wounded.
The two-headed ogre hits you with a +0 giant club!!
The two-headed ogre hits you with a +0 giant club!
* * * LOW HITPOINT WARNING * * *
You scratch the two-headed ogre.
The two-headed ogre is lightly wounded.
The two-headed ogre hits you with a +0 giant club!!
You die... ▓▓▓▓▓▓▓▓▓▓▓▓▓▓▓▓▓▓▓▓▓▓▓▓ ..YOlcO@.[[[.)..'_______ ▓▓▓▓▓▓▓▓▓▓▓▓▓▓▓▓▓▓▓▓▓▓▓▓

You could see 2 two-headed ogres, a komodo dragon, a yak and a centaur.

Vanquished Creatures
  A yak (D)
  An ogre (D)
  A phantom (D)
  An iguana (D)
  An orc wizard (D)
  A dart slug (D)
  An endoplasm (D)
  A giant cockroach (D)
  A goblin (D)
  A rat (D)
10 creatures vanquished.

Vanquished Creatures (others)
  2 great orbs of eyes (D)
  2 slime creatures (D)
  An orc wizard (D)
5 creatures vanquished.

Grand Total: 15 creatures vanquished

Notes
Turn   | Place    | Note
-------+----------+-------------------------------------------
     0 | D        | GloriousHammer the Troll Fighter began the quest for the
                  | Orb.
     0 | D        | Reached XP level 1. HP: 22/22 MP: 0/0
    16 | D        | Reached skill level 3 in Unarmed Combat
    22 | D        | Noticed an orc wizard
    22 | D        | Noticed an orc wizard
    22 | D        | Noticed an ogre
    22 | D        | Noticed a phantom
    22 | D        | Noticed an iguana
    31 | D        | Killed an iguana
    32 | D        | Reached skill level 4 in Unarmed Combat
    32 | D        | Reached XP level 2. HP: 18/31 MP: 1/1
    32 | D        | Reached XP level 3. HP: 22/37 MP: 2/2
    43 | D        | Killed a phantom
    44 | D        | Reached skill level 6 in Unarmed Combat
    44 | D        | Reached XP level 4. HP: 24/48 MP: 3/3
    45 | D        | Killed an ogre
    46 | D        | Reached skill level 5 in Shields
    46 | D        | Reached skill level 7 in Unarmed Combat
    46 | D        | Reached XP level 5. HP: 31/55 MP: 4/4
    59 | D        | Reached skill level 5 in Fighting
    59 | D        | Reached skill level 5 in Dodging
   203 | D        | Found a snail-covered altar of Cheibriados.
   203 | D        | Found a shadowy altar of Dithmenos.
   203 | D        | Found a white marble altar of Elyvilon.
   203 | D        | Found a blossoming altar of Fedhas.
   203 | D        | Found an opulent altar of Gozag.
   204 | D        | Found a hazy altar of Hepliaklqana.
   205 | D        | Found a viscous altar of Jiyva.
   206 | D        | Found an ancient bone altar of Kikubaaqudgha.
   207 | D        | Found a corrupted altar of Lugonu.
   208 | D        | Found a burning altar of Makhleb.
   209 | D        | Found a sparkling altar of Nemelex Xobeh.
   210 | D        | Found an iron altar of Okawaru.
   211 | D        | Found a stormy altar of Qazlal.
   212 | D        | Found a sacrificial altar of Ru.
   213 | D        | Found a shimmering blue altar of Sif Muna.
   214 | D        | Found a bloodstained altar of Trog.
   215 | D        | Found a hide-covered altar of Uskayaw.
   216 | D        | Found a radiant altar of Vehumet.
   217 | D        | Found an ornate altar of the Wu Jian Council.
   218 | D        | Found a shimmering altar of Xom.
   219 | D        | Found a basalt altar of Yredelemnul.
   220 | D        | Found a glowing silver altar of Zin.
   221 | D        | Found a glowing golden altar of the Shining One.
   235 | D        | Became a worshipper of Jiyva Jeng the Shapeless
   238 | D        | Killed a great orb of eyes
   240 | D        | Killed a slime creature
   240 | D        | Killed a slime creature
   242 | D        | Killed a great orb of eyes
   270 | D        | Noticed a yak
   270 | D        | Noticed a two-headed ogre
   270 | D        | Noticed a komodo dragon
   270 | D        | Noticed a centaur
   270 | D        | Noticed a two-headed ogre
   270 | D        | Noticed a yak
   275 | D        | Killed a yak
   276 | D        | Reached skill level 9 in Unarmed Combat
   276 | D        | Reached XP level 6. HP: 45/67 MP: 5/5
   277 | D        | Mangled by a two-headed ogre

Illustrated notes

Levels and vault maps discovered:
D:        linesprint [early_d, line_temple, items_1, d_10, items_2, lair_1,
          lair_end, items_3, orc_1, orc_end, items_4, d_15, swamp_1, shoals_1,
          snake_1, spider_1, d_20, vaults_1, items_5, swamp_end, shoals_end,
          snake_end, spider_end, vaults_end, d_27, items_6, zot_1, zot_end,
          crypt_end, forest_end, elf_end, slime_end, tomb_end, abyss_end,
          pan_hell_end]

Skill      XL: |  1  2  3  4  5 |
---------------+----------------+-----
Shields        | 3 4 5 6 |  6.2
Unarmed Combat | 4 6 7 9 |  9.0
Fighting       | 3 4 5 |  5.6
Dodging        | 3 4 5 |  5.7

Action                     |  1- 3 |  4- 6 || total
---------------------------+-------+-------++-------
  Melee: Unarmed           |    33 |    16 ||    49
 Armour: Robe              |     6 |     1 ||     7
  Dodge: Dodged            |     9 |     3 ||    12
  Block: Kite shield       |     8 |     1 ||     9

Table legend: (Time is in decaauts)
 A = Elapsed time spent in this place.
 B = Non-inter-level travel time spent in this place.
 C = Inter-level travel time spent in this place.
 D = Time resting spent in this place.
 E = Time spent auto-exploring this place.
 F = Levels seen in this place.
 G = Mean time per level.
                   A        B        C        D        E       F      G
               +--------+--------+--------+--------+--------+-----+--------+
         Total |    278 |    278 |      0 |    130 |      0 |   1 |  278.0 |
       Dungeon |    278 |    278 |      0 |    130 |      0 |   1 |  278.0 |
               +--------+--------+--------+--------+--------+-----+--------+

Top non-repeatable levels by time:
       D: 278 daAuts
